AoeStats
← thiagopri

Arena

509183310Analyzed
1v1 RM · 7d ago on Sep 25, 2026· 74m 50s· 2 players
Game mode
Random Map
Map size
Tiny (2 player)
Population
200
Speed
Normal
Resources
Standard
Victory
Conquest
Starting age
Dark Age
Ending age
Imperial Age
RankedLock teamsTeams togetherTeam positionsShared explorationLock speedFull tech treeHidden civsTurbo modeCheats
Victory
Defeat
🇹🇷 Bohemians · Türkiye
562
+16
🇧🇷 Franks · Brazil
559
-22
thiagopri
10:09 Feudal Age
12:28 Double-Bit Axe
13:12 Stone Mining
20:45 Castle Age
19:37 Scale Barding Armor
20:46 Wheelbarrow
20:47 Forging
21:50 Wheelbarrow
21:57 Bow Saw
22:59 Husbandry
26:30 Scale Mail Armor
28:26 Chain Barding Armor
28:42 Iron Casting
29:18 Gold Mining
29:48 Chain Mail Armor
32:41 Imperial Age
31:41 Hand Cart
33:40 Cavalier
35:33 Plate Barding Armor
35:42 Hoardings
36:55 Gold Shaft Mining
38:02 Elite Throwing Axeman
68:12 Man-at-Arms
69:44 Conscription
71:12 Long Swordsman
HorsunluluKratos
11:06 Feudal Age
11:33 Horse Collar
11:51 Double-Bit Axe
14:42 Wheelbarrow
19:18 Castle Age
20:40 Hand Cart
20:13 Town Watch
20:13 Loom
21:05 Heavy Plow
21:18 Bow Saw
28:45 Town Patrol
33:44 Imperial Age
33:19 Wagenburg Tactics
34:19 Chemistry
34:19 Elite Hussite Wagon
34:58 Pikeman
35:03 Capped Ram
36:34 Bombard Tower
35:48 Halberdier
37:03 Forging
36:55 Scale Mail Armor
47:05 Onager
61:13 Arson
61:28 Squires
63:58 Iron Casting
70:10 Two-Man Saw
Connection lost

Rejoining the realm…

Still unreachable

The connection could not be restored.

Session expired

The server has moved on; the page needs a fresh start.